Peoria Rivermen vs Providence Bruins
Created - Wednesday, May 24, 2023 at 07:05
Goals
|
| Peoria Rivermen |
2 |
4 |
0 |
6 |
| Providence Bruins |
1 |
2 |
1 |
4 |
|
Shots
|
| Peoria Rivermen |
7 |
21 |
4 |
32 |
| Providence Bruins |
9 |
10 |
11 |
30 |
|
1st period
1. Providence Bruins , Jacob Moverare 6 (Joe Veleno 46, Kyle Capobianco 6) at 1:56 (PP)
2. Peoria Rivermen , Sasha Chmelevski 35 (Nico Sturm 5) at 5:54
3. Peoria Rivermen , Nico Sturm 3 (Sasha Chmelevski 54) at 17:54 (PP)
Penalties :
Nico Sturm (PRM) for Hooking (Minor) at 1:15, Samuel Bolduc (PRB) for Fighting (Major) at 2:46, Ryan Lomberg (PRM) for Fighting (Major) at 2:46, Jordy Bellerive (PRB) for Holding (Minor) at 7:41, Jack Studnicka (PRB) for High sticking (Minor) at 13:54, Jordy Bellerive (PRB) for Roughing (Minor) at 17:40, Ryan Lomberg (PRM) for Hooking (Minor) at 19:25
2nd period
4. Peoria Rivermen , Jonas Rondbjerg 11 (Zachary Jones 16, Jakob Pelletier 27) at 12:03
5. Providence Bruins , Logan Hutsko 10 (Marc Del Gaizo 1) at 15:33
6. Peoria Rivermen , Brandon Biro 23 (Jesper Froden 3, Grant Mismash 4) at 16:30
7. Providence Bruins , Nicholas Merkley 10 (Joe Veleno 47, Nikolai Knyzhov 23) at 17:52 (PP)
8. Peoria Rivermen , Ryan Lomberg 25 (Dakota Joshua 25) at 18:04
9. Peoria Rivermen , Josiah Slavin 15 (Zachary Jones 17, Jakob Pelletier 28) at 19:02
Penalties :
Jordy Bellerive (PRB) for Hooking (Minor) at 13:01, Connor Mackey (PRM) for Tripping (Minor) at 17:37
3rd period
10. Providence Bruins , John-Jason Peterka 32 (Kyle Capobianco 7, Joe Veleno 48) at 9:56 (PP)
Penalties :
Sasha Chmelevski (PRM) for Delaying the game (Minor) at 4:12, Yegor Zamula (PRM) for Slashing (Minor) at 8:25, Cole Schwindt (PRB) for Fighting (Major) at 9:57, Zachary Jones (PRM) for Fighting (Major) at 9:57, Cole Schwindt (PRB) for instigated a fight (Minor) at 9:57, Cole Schwindt (PRB) for instigated and being the aggresor in a fight (20 Minutes Game Misconduct) at 9:57
Goalie Stats
Scott Wedgewood (PRM), 26 saves from 30 shots - (0.867), W, 1-0-0, 60:00 minutes
Trent Miner (PRB), 26 saves from 32 shots - (0.813), L, 3-10-0, 60:00 minutes
Players Stats for Peoria Rivermen
Player Name G A P +/- PIM S H SB GA TA FO MP PP MP PK MP
------------------------------------------------------------------------------------
Brandon Biro 1 0 1 0 0 5 3 0 0 1 0/0 12:29 0:11 2:37
Connor Mackey 0 0 0 1 2 0 1 0 0 2 0/0 20:43 4:06 2:53
Dakota Joshua 0 1 1 1 0 2 1 0 1 0 7/17 16:20 4:00 0:00
Grant Mismash 0 1 1 0 0 0 1 0 0 0 1/2 7:58 0:00 0:00
Jakob Pelletier 0 2 2 2 0 6 3 0 1 0 2/6 12:38 0:24 0:00
Jalen Chatfield 0 0 0 2 0 1 0 1 0 1 0/0 25:28 4:04 3:17
Jesper Froden 0 1 1 0 0 0 0 0 1 0 0/0 7:51 0:00 0:00
Jonas Rondbjerg 1 0 1 2 0 2 0 0 0 0 0/0 12:01 0:05 0:00
Josiah Slavin 1 0 1 2 0 2 2 0 0 0 0/0 15:55 3:13 0:00
Matthew Kessel 0 0 0 1 0 0 1 1 0 0 0/0 14:11 0:00 1:15
Nick Leddy 0 0 0 1 0 0 0 0 0 0 0/0 14:13 0:48 0:00
Nico Sturm 1 1 2 1 2 2 3 0 1 1 8/16 19:32 3:47 2:18
Radim Zohorna 0 0 0 1 0 2 0 1 0 0 2/2 14:36 1:06 0:14
Ryan Lomberg 1 0 1 1 7 1 2 0 1 0 0/0 17:26 3:45 2:31
Sasha Chmelevski 1 1 2 1 2 4 1 0 3 1 2/8 19:25 3:59 2:23
Tyler Pitlick 0 0 0 1 0 1 0 0 1 0 3/7 19:19 4:00 2:47
Yegor Zamula 0 0 0 2 2 2 4 3 0 0 0/0 24:03 4:04 2:17
Zachary Jones 0 2 2 1 5 2 0 0 0 0 0/0 19:20 3:18 3:08
Players Stats for Providence Bruins
Player Name G A P +/- PIM S H SB GA TA FO MP PP MP PK MP
------------------------------------------------------------------------------------
Austin Wagner 0 0 0 -1 0 0 1 0 1 0 0/0 12:58 0:00 0:00
Brandon Coe 0 0 0 -1 0 1 2 0 0 0 0/0 10:59 0:00 0:00
Cole Schwindt 0 0 0 -1 27 2 3 0 0 0 0/1 13:55 3:36 0:00
Jack Studnicka 0 0 0 -2 2 1 1 0 0 3 6/7 19:43 3:36 2:21
Jacob Moverare 1 0 1 -1 0 3 3 2 0 0 0/0 23:15 4:19 4:11
Jared McIsaac 0 0 0 -2 0 0 2 0 0 2 0/0 18:07 2:06 0:06
Joe Veleno 0 3 3 -1 0 3 1 0 0 0 11/20 19:35 2:49 4:03
John-Jason Peterka 1 0 1 -2 0 5 2 0 1 2 9/15 19:54 2:49 3:17
Jordy Bellerive 0 0 0 -1 6 1 3 0 2 1 2/5 12:36 0:00 1:11
Kyle Capobianco 0 2 2 -1 0 6 3 0 1 1 0/0 23:31 4:19 4:11
Logan Hutsko 1 0 1 0 0 1 3 0 0 0 3/5 10:24 0:00 1:03
Marc Del Gaizo 0 1 1 0 0 0 0 0 0 0 0/0 9:25 0:00 0:00
Mason Millman 0 0 0 0 0 0 0 1 0 0 0/0 7:54 0:00 0:00
Michal Teply 0 0 0 -1 0 2 1 0 0 0 0/2 15:53 3:36 1:09
Nicholas Merkley 1 0 1 -2 0 1 0 1 0 0 2/3 20:06 2:49 3:16
Nick Perbix 0 0 0 -1 0 1 0 3 1 0 0/0 14:54 0:00 0:00
Nikolai Knyzhov 0 1 1 -1 0 2 4 1 0 0 0/0 23:12 2:06 3:59
Samuel Bolduc 0 0 0 -2 5 1 0 1 0 0 0/0 15:25 0:00 3:55
3 Stars
1 - Jakob Pelletier (PRM)
2 - Josiah Slavin (PRM)
3 - Nico Sturm (PRM)
Power Play
Peoria Rivermen - 1 on 5 Attempt(s) - 20.00%
Providence Bruins - 3 on 5 Attempt(s) - 60.00%
Penalty Kill
Peoria Rivermen - 2 on 5 Attempt(s) - 40.00%
- Score 0 goal in Penalty Kill
Providence Bruins - 4 on 5 Attempt(s) - 80.00%
- Score 0 goal in Penalty Kill
Team Stat
Peoria Rivermen - Hits : 22 - Faceoff Wins : 25 - Blocked Shots : 6 - Penalty Minutes : 20
Providence Bruins - Hits : 29 - Faceoff Wins : 33 - Blocked Shots : 9 - Penalty Minutes : 40
Official
Referees : Dave Lewis and Tom Chmielewski
Linesman : Derek Nansen and Jonny Murray
Game Notes
Samuel Bolduc and Ryan Lomberg fight to a draw at 2:46 of 1st period
Cole Schwindt and Zachary Jones fight to a draw at 9:57 of 3rd period
Cole Schwindt ejected from game at 9:57 of 3rd period
Cole Schwindt from Providence Bruins is suspended for 1 game(s)
Peoria Rivermen
5 vs 5 Forward
Center Left Wing Right Wing Time % Phy DF OF
1 Nico Sturm Radim Zohorna Sasha Chmelevski 30 1 2 2
2 Dakota Joshua Ryan Lomberg Tyler Pitlick 30 1 2 2
3 Jakob Pelletier Josiah Slavin Jonas Rondbjerg 25 1 2 2
4 Grant Mismash Brandon Biro Jesper Froden 15 1 2 2
5 vs 5 Defense
Defense Defense Time % Phy DF OF
1 Jalen Chatfield Yegor Zamula 30 1 2 2
2 Zachary Jones Connor Mackey 30 1 2 2
3 Nick Leddy Matthew Kessel 25 1 2 2
4 Jalen Chatfield Yegor Zamula 15 1 2 2
PowerPlay Forward
Center Left Wing Right Wing Time % Phy DF OF
1 Nico Sturm Josiah Slavin Sasha Chmelevski 50 1 2 2
2 Dakota Joshua Ryan Lomberg Tyler Pitlick 50 1 2 2
PowerPlay Defense
Defense Defense Time % Phy DF OF
1 Jalen Chatfield Yegor Zamula 50 1 2 2
2 Zachary Jones Connor Mackey 50 1 2 2
Penalty Kill 4 Players Forward
Center Wing Time % Phy DF OF
1 Tyler Pitlick Nico Sturm 50 1 2 2
2 Sasha Chmelevski Ryan Lomberg 50 1 2 2
Penalty Kill 4 Players Defense
Defense Defense Time % Phy DF OF
1 Jalen Chatfield Yegor Zamula 50 1 2 2
2 Zachary Jones Connor Mackey 50 1 2 2
Penalty Kill - 3 Players Forward
Forward Time % Phy DF OF
1 Sasha Chmelevski 50 1 2 2
2 Nico Sturm 50 1 2 2
Penalty Kill - 3 Players Defense
Defense Defense Time % Phy DF OF
1 Jalen Chatfield Yegor Zamula 50 1 2 2
2 Zachary Jones Connor Mackey 50 1 2 2
4 vs 4 Forward
Center Wing Time % Phy DF OF
1 Jakob Pelletier Nico Sturm 50 1 2 2
2 Sasha Chmelevski Ryan Lomberg 50 1 2 2
4 vs 4 Defense
Defense Defense Time % Phy DF OF
1 Jalen Chatfield Yegor Zamula 50 1 2 2
2 Zachary Jones Connor Mackey 50 1 2 2
Last Minutes Offensive
Center Left Wing Right Wing Defense Defense
Nico Sturm Ryan Lomberg Sasha Chmelevski Jalen Chatfield Yegor Zamula
Last Minutes Defensive
Center Left Wing Right Wing Defense Defense
Nico Sturm Ryan Lomberg Sasha Chmelevski Jalen Chatfield Yegor Zamula
Goaltenders
Starting : Scott Wedgewood
Backup : Joey Daccord
Extra Forwards
Normal : Josiah Slavin, Jakob Pelletier, Brandon Biro - PP : Josiah Slavin, Jakob Pelletier - PK : Brandon Biro
Extra Defensemen
Normal : Jalen Chatfield, Matthew Kessel, Zachary Jones - PP : Yegor Zamula - PK : Matthew Kessel, Zachary Jones
Penalty Shots
Brandon Biro, Nico Sturm, Sasha Chmelevski, Ryan Lomberg, Tyler Pitlick
Providence Bruins
5 vs 5 Forward
Center Left Wing Right Wing Time % Phy DF OF
1 Joe Veleno Austin Wagner Cole Schwindt 30 1 2 2
2 John-Jason Peterka Jack Studnicka Nicholas Merkley 30 1 2 2
3 Jordy Bellerive Michal Teply Brandon Coe 25 1 2 2
4 Logan Hutsko Marc Del Gaizo Mason Millman 15 1 2 2
5 vs 5 Defense
Defense Defense Time % Phy DF OF
1 Nick Perbix Nikolai Knyzhov 35 1 2 2
2 Kyle Capobianco Jacob Moverare 35 1 2 2
3 Samuel Bolduc Jared McIsaac 30 1 2 2
4 Kyle Capobianco Nikolai Knyzhov 0 1 2 2
PowerPlay Forward
Center Left Wing Right Wing Time % Phy DF OF
1 Joe Veleno John-Jason Peterka Nicholas Merkley 50 1 2 2
2 Jack Studnicka Michal Teply Cole Schwindt 50 1 2 2
PowerPlay Defense
Defense Defense Time % Phy DF OF
1 Jared McIsaac Nikolai Knyzhov 50 1 2 2
2 Kyle Capobianco Jacob Moverare 50 1 2 2
Penalty Kill 4 Players Forward
Center Wing Time % Phy DF OF
1 Nicholas Merkley Joe Veleno 50 1 2 2
2 John-Jason Peterka Jack Studnicka 50 1 2 2
Penalty Kill 4 Players Defense
Defense Defense Time % Phy DF OF
1 Samuel Bolduc Nikolai Knyzhov 50 1 2 2
2 Kyle Capobianco Jacob Moverare 50 1 2 2
Penalty Kill - 3 Players Forward
Forward Time % Phy DF OF
1 Nicholas Merkley 50 1 2 2
2 Joe Veleno 50 1 2 2
Penalty Kill - 3 Players Defense
Defense Defense Time % Phy DF OF
1 Samuel Bolduc Nikolai Knyzhov 50 1 2 2
2 Kyle Capobianco Jacob Moverare 50 1 2 2
4 vs 4 Forward
Center Wing Time % Phy DF OF
1 Nicholas Merkley Joe Veleno 50 1 2 2
2 John-Jason Peterka Jack Studnicka 50 1 2 2
4 vs 4 Defense
Defense Defense Time % Phy DF OF
1 Marc Del Gaizo Nikolai Knyzhov 50 1 2 2
2 Kyle Capobianco Jacob Moverare 50 1 2 2
Last Minutes Offensive
Center Left Wing Right Wing Defense Defense
Joe Veleno John-Jason Peterka Nicholas Merkley Kyle Capobianco Nikolai Knyzhov
Last Minutes Defensive
Center Left Wing Right Wing Defense Defense
Joe Veleno John-Jason Peterka Nicholas Merkley Kyle Capobianco Nikolai Knyzhov
Goaltenders
Starting : Trent Miner
Backup : Zachary Emond
Extra Forwards
Normal : Austin Wagner, Logan Hutsko, Jordy Bellerive - PP : Austin Wagner, Logan Hutsko - PK : Jordy Bellerive
Extra Defensemen
Normal : Samuel Bolduc, Jared McIsaac, Marc Del Gaizo - PP : Samuel Bolduc - PK : Jared McIsaac, Marc Del Gaizo
Penalty Shots
Nicholas Merkley, Joe Veleno, John-Jason Peterka, Jack Studnicka, Cole Schwindt
% Time on Ice - Peoria Rivermen
Lines # - Real PCT - Wanted PCT - Time Play
Normal Forward
1 - 28% - 30% - 12:47
2 - 31% - 30% - 14:18
3 - 23% - 25% - 10:38
4 - 17% - 15% - 7:42
Normal Defense
1 - 28% - 30% - 12:52
2 - 36% - 30% - 16:26
3 - 26% - 25% - 11:38
4 - 10% - 15% - 4:29
PP Forward
1 - 50% - 50% - 4:05
2 - 50% - 50% - 4:05
PP Defense
1 - 50% - 50% - 4:04
2 - 50% - 50% - 4:06
PK Forward
1 - 43% - 50% - 2:47
2 - 57% - 50% - 3:38
PK Defense
1 - 51% - 50% - 3:17
2 - 49% - 50% - 3:08
PK3 Forward
1 - 0% - 50%
2 - 0% - 50%
PK3 Defense
1 - 0% - 50%
2 - 0% - 50%
44 Forward
1 - 0% - 50%
2 - 0% - 50%
44 Defense
1 - 0% - 50%
2 - 0% - 50%
Last Minute Offensive - 0:00
Last Minute Defensive - 0:00
Total
Forward - 60:00
Defense - 60:00
|
% Time on Ice - Providence Bruins
Lines # - Real PCT - Wanted PCT - Time Play
Normal Forward
1 - 31% - 30% - 14:06
2 - 31% - 30% - 14:16
3 - 20% - 25% - 9:09
4 - 17% - 15% - 7:54
Normal Defense
1 - 39% - 35% - 17:51
2 - 32% - 35% - 14:39
3 - 28% - 30% - 12:55
4 - 0% - 0% - 0:00
PP Forward
1 - 44% - 50% - 2:49
2 - 56% - 50% - 3:36
PP Defense
1 - 33% - 50% - 2:06
2 - 67% - 50% - 4:19
PK Forward
1 - 48% - 50% - 3:57
2 - 52% - 50% - 4:13
PK Defense
1 - 49% - 50% - 3:59
2 - 51% - 50% - 4:11
PK3 Forward
1 - 0% - 50%
2 - 0% - 50%
PK3 Defense
1 - 0% - 50%
2 - 0% - 50%
44 Forward
1 - 0% - 50%
2 - 0% - 50%
44 Defense
1 - 0% - 50%
2 - 0% - 50%
Last Minute Offensive - 0:00
Last Minute Defensive - 0:00
Total
Forward - 60:00
Defense - 60:00
|
Play-by-Play
1st period
0:01 of 1st period - Joe Veleno wins face-off versus Nico Sturm in neutral zone.
0:26 of 1st period - Radim Zohorna is hit by Michal Teply and loses puck.
1:15 of 1st period - Minor Penalty to Nico Sturm for Hooking.
1:16 of 1st period - Tyler Pitlick wins face-off versus Joe Veleno in Peoria Rivermen zone.
1:35 of 1st period - Icing by Nicholas Merkley.
1:36 of 1st period - Joe Veleno wins face-off versus Tyler Pitlick in Providence Bruins zone.
1:49 of 1st period - Backhand shot by Joe Veleno.
1:49 of 1st period - Stopped by Scott Wedgewood with a rebound.
1:54 of 1st period - Snap shot by Jacob Moverare.
1:54 of 1st period - Shot Misses the Net.
1:56 of 1st period - Slapshot by Jacob Moverare.
1:56 of 1st period - Goal by Jacob Moverare - Peoria Rivermen : 0 - Providence Bruins : 1.
1:57 of 1st period - John-Jason Peterka wins face-off versus Dakota Joshua in neutral zone.
2:09 of 1st period - Snap shot by Dakota Joshua.
2:09 of 1st period - Stopped by Trent Miner without a rebound.
2:10 of 1st period - John-Jason Peterka wins face-off versus Jakob Pelletier in Providence Bruins zone.
2:14 of 1st period - Off-side.
2:15 of 1st period - John-Jason Peterka wins face-off versus Jakob Pelletier in neutral zone.
2:46 of 1st period - Samuel Bolduc and Ryan Lomberg fight to a draw.
2:46 of 1st period - Penalty to Samuel Bolduc for Fighting.
2:46 of 1st period - Penalty to Ryan Lomberg for Fighting.
2:47 of 1st period - Logan Hutsko wins face-off versus Dakota Joshua in neutral zone.
2:50 of 1st period - Slapshot by Kyle Capobianco.
2:50 of 1st period - Stopped by Scott Wedgewood with a rebound.
3:12 of 1st period - Jacob Moverare is hit by Grant Mismash and loses puck.
3:17 of 1st period - Snap shot by Jesper Froden.
3:17 of 1st period - Shot Misses the Net.
3:44 of 1st period - Off-side.
3:45 of 1st period - Jakob Pelletier wins face-off versus Joe Veleno in neutral zone.
4:57 of 1st period - Slapshot by Cole Schwindt.
4:57 of 1st period - Stopped by Scott Wedgewood without a rebound.
4:58 of 1st period - Grant Mismash wins face-off versus Joe Veleno in Peoria Rivermen zone.
5:11 of 1st period - Snap shot by Jesper Froden.
5:11 of 1st period - Shot Misses the Net.
5:21 of 1st period - Jalen Chatfield is hit by Logan Hutsko and loses puck.
5:30 of 1st period - Slapshot by Nikolai Knyzhov.
5:30 of 1st period - Shot Misses the Net.
5:42 of 1st period - Snap shot by Sasha Chmelevski.
5:42 of 1st period - Deflect By Nikolai Knyzhov.
5:42 of 1st period - Shot Misses the Net.
5:42 of 1st period - Puck is out of play.
5:43 of 1st period - Nico Sturm wins face-off versus Jack Studnicka in Providence Bruins zone.
5:52 of 1st period - Wrist shot by Nico Sturm.
5:52 of 1st period - Shot Misses the Net.
5:54 of 1st period - Snap shot by Sasha Chmelevski.
5:54 of 1st period - Goal by Sasha Chmelevski - Peoria Rivermen : 1 - Providence Bruins : 1.
5:55 of 1st period - Logan Hutsko wins face-off versus Jakob Pelletier in neutral zone.
5:58 of 1st period - Slapshot by Nick Perbix.
5:58 of 1st period - Shot Misses the Net.
6:00 of 1st period - Slapshot by Nikolai Knyzhov.
6:00 of 1st period - Stopped by Scott Wedgewood with a rebound.
6:02 of 1st period - Slapshot by Nikolai Knyzhov.
6:02 of 1st period - Shot Blocked by Jalen Chatfield.
6:20 of 1st period - Slapshot by John-Jason Peterka.
6:20 of 1st period - Stopped by Scott Wedgewood with a rebound.
6:30 of 1st period - John-Jason Peterka is hit by Josiah Slavin and loses puck.
6:51 of 1st period - Snap shot by Jakob Pelletier.
6:51 of 1st period - Shot Misses the Net.
7:14 of 1st period - Slapshot by Jakob Pelletier.
7:14 of 1st period - Stopped by Trent Miner with a rebound.
7:18 of 1st period - Snap shot by Jakob Pelletier.
7:18 of 1st period - Stopped by Trent Miner with a rebound.
7:20 of 1st period - Wrist shot by Josiah Slavin.
7:20 of 1st period - Stopped by Trent Miner with a rebound.
7:22 of 1st period - Wrist shot by Josiah Slavin.
7:22 of 1st period - Shot Misses the Net.
7:36 of 1st period - Snap shot by Josiah Slavin.
7:36 of 1st period - Shot Misses the Net.
7:38 of 1st period - Slapshot by Yegor Zamula.
7:38 of 1st period - Stopped by Trent Miner without a rebound.
7:39 of 1st period - Jordy Bellerive wins face-off versus Dakota Joshua in Providence Bruins zone.
7:41 of 1st period - Minor Penalty to Jordy Bellerive for Holding.
7:42 of 1st period - Dakota Joshua wins face-off versus Logan Hutsko in Providence Bruins zone.
7:46 of 1st period - Penalty to Samuel Bolduc is over, Samuel Bolduc is back on ice.
9:35 of 1st period - Sasha Chmelevski is hit by Kyle Capobianco and loses puck.
9:41 of 1st period - Penalty to Jordy Bellerive is over, Jordy Bellerive is back on ice.
9:52 of 1st period - Wrist shot by Michal Teply.
9:52 of 1st period - Shot Misses the Net.
10:12 of 1st period - Ryan Lomberg is hit by Cole Schwindt and loses puck.
11:32 of 1st period - Josiah Slavin is hit by Kyle Capobianco and loses puck.
12:15 of 1st period - Wrist shot by John-Jason Peterka.
12:15 of 1st period - Stopped by Scott Wedgewood with a rebound.
12:27 of 1st period - Matthew Kessel is hit by Jordy Bellerive and loses puck.
12:47 of 1st period - Ryan Lomberg is hit by Jacob Moverare and loses puck.
13:02 of 1st period - Marc Del Gaizo is hit by Brandon Biro and loses puck.
13:36 of 1st period - Ryan Lomberg is hit by Austin Wagner and loses puck.
13:54 of 1st period - Minor Penalty to Jack Studnicka for High sticking.
13:55 of 1st period - Nico Sturm wins face-off versus John-Jason Peterka in Providence Bruins zone.
14:24 of 1st period - Joe Veleno is hit by Ryan Lomberg and loses puck.
14:58 of 1st period - Jordy Bellerive is hit by Sasha Chmelevski and loses puck.
15:33 of 1st period - Nikolai Knyzhov is hit by Josiah Slavin and loses puck.
15:54 of 1st period - Penalty to Jack Studnicka is over, Jack Studnicka is back on ice.
16:04 of 1st period - Grant Mismash is hit by Logan Hutsko and loses puck.
16:35 of 1st period - Jordy Bellerive is hit by Jakob Pelletier and loses puck.
17:10 of 1st period - Connor Mackey is hit by Kyle Capobianco and loses puck.
17:40 of 1st period - Minor Penalty to Jordy Bellerive for Roughing.
17:41 of 1st period - Nicholas Merkley wins face-off versus Nico Sturm in Providence Bruins zone.
17:54 of 1st period - Wrist shot by Nico Sturm.
17:54 of 1st period - Goal by Nico Sturm - Peoria Rivermen : 2 - Providence Bruins : 1.
17:55 of 1st period - Joe Veleno wins face-off versus Dakota Joshua in neutral zone.
18:44 of 1st period - Snap shot by Nicholas Merkley.
18:44 of 1st period - Shot Misses the Net.
18:46 of 1st period - Slapshot by Kyle Capobianco.
18:46 of 1st period - Stopped by Scott Wedgewood without a rebound.
18:47 of 1st period - Jakob Pelletier wins face-off versus John-Jason Peterka in Peoria Rivermen zone.
19:14 of 1st period - Cole Schwindt is hit by Yegor Zamula and loses puck.
19:23 of 1st period - Slapshot by Jacob Moverare.
19:23 of 1st period - Stopped by Scott Wedgewood with a rebound.
19:25 of 1st period - Minor Penalty to Ryan Lomberg for Hooking.
19:26 of 1st period - Jack Studnicka wins face-off versus Sasha Chmelevski in Peoria Rivermen zone.
Goals for this period are 2 for Peoria Rivermen vs 1 for Providence Bruins.
Shots for this period are 7 for Peoria Rivermen vs 9 for Providence Bruins.
2nd period
0:01 of 2nd period - Jack Studnicka wins face-off versus Sasha Chmelevski in neutral zone.
0:12 of 2nd period - Snap shot by Jack Studnicka.
0:12 of 2nd period - Stopped by Scott Wedgewood without a rebound.
0:13 of 2nd period - Sasha Chmelevski wins face-off versus Joe Veleno in Peoria Rivermen zone.
1:25 of 2nd period - Penalty to Ryan Lomberg is over, Ryan Lomberg is back on ice.
1:38 of 2nd period - Snap shot by Brandon Biro.
1:38 of 2nd period - Stopped by Trent Miner with a rebound.
2:26 of 2nd period - Slapshot by Jonas Rondbjerg.
2:26 of 2nd period - Shot Misses the Net.
2:28 of 2nd period - Wrist shot by Zachary Jones.
2:28 of 2nd period - Deflect By Kyle Capobianco.
2:28 of 2nd period - Stopped by Trent Miner with a rebound.
2:48 of 2nd period - Tyler Pitlick is hit by Joe Veleno and loses puck.
3:01 of 2nd period - Connor Mackey is hit by Jordy Bellerive and loses puck.
3:44 of 2nd period - Jalen Chatfield is hit by Logan Hutsko and loses puck.
4:34 of 2nd period - Wrist shot by Sasha Chmelevski.
4:34 of 2nd period - Stopped by Trent Miner with a rebound.
4:58 of 2nd period - Brandon Biro is hit by Nikolai Knyzhov and loses puck.
5:15 of 2nd period - Wrist shot by Samuel Bolduc.
5:15 of 2nd period - Stopped by Scott Wedgewood with a rebound.
5:25 of 2nd period - Jalen Chatfield is hit by Jack Studnicka and loses puck.
5:31 of 2nd period - Off-side.
5:32 of 2nd period - Nico Sturm wins face-off versus Joe Veleno in neutral zone.
5:37 of 2nd period - Snap shot by Sasha Chmelevski.
5:37 of 2nd period - Shot Misses the Net.
5:47 of 2nd period - Slapshot by Joe Veleno.
5:47 of 2nd period - Shot Blocked by Radim Zohorna.
5:57 of 2nd period - Ryan Lomberg is hit by Brandon Coe and loses puck.
7:57 of 2nd period - Nicholas Merkley is hit by Connor Mackey and loses puck.
8:04 of 2nd period - Nico Sturm is hit by Jacob Moverare and loses puck.
8:15 of 2nd period - Jesper Froden is hit by Jordy Bellerive and loses puck.
8:54 of 2nd period - Nikolai Knyzhov is hit by Jakob Pelletier and loses puck.
9:01 of 2nd period - Slapshot by Nick Perbix.
9:01 of 2nd period - Stopped by Scott Wedgewood with a rebound.
9:17 of 2nd period - Nico Sturm is hit by John-Jason Peterka and loses puck.
9:38 of 2nd period - Slapshot by Tyler Pitlick.
9:38 of 2nd period - Shot Misses the Net.
9:40 of 2nd period - Wrist shot by Tyler Pitlick.
9:40 of 2nd period - Stopped by Trent Miner with a rebound.
9:42 of 2nd period - Wrist shot by Dakota Joshua.
9:42 of 2nd period - Stopped by Trent Miner without a rebound.
9:43 of 2nd period - Nico Sturm wins face-off versus Jordy Bellerive in Providence Bruins zone.
9:46 of 2nd period - Snap shot by Radim Zohorna.
9:46 of 2nd period - Stopped by Trent Miner with a rebound.
9:48 of 2nd period - Slapshot by Yegor Zamula.
9:48 of 2nd period - Shot Blocked by Nick Perbix.
9:50 of 2nd period - Wrist shot by Radim Zohorna.
9:50 of 2nd period - Shot Misses the Net.
9:52 of 2nd period - Slapshot by Yegor Zamula.
9:52 of 2nd period - Stopped by Trent Miner with a rebound.
9:56 of 2nd period - Wrist shot by Sasha Chmelevski.
9:56 of 2nd period - Stopped by Trent Miner with a rebound.
9:58 of 2nd period - Wrist shot by Sasha Chmelevski.
9:58 of 2nd period - Shot Misses the Net.
10:10 of 2nd period - Wrist shot by Jakob Pelletier.
10:10 of 2nd period - Stopped by Trent Miner with a rebound.
10:12 of 2nd period - Wrist shot by Connor Mackey.
10:12 of 2nd period - Shot Misses the Net.
10:14 of 2nd period - Slapshot by Jonas Rondbjerg.
10:14 of 2nd period - Shot Blocked by Nikolai Knyzhov.
10:16 of 2nd period - Slapshot by Jakob Pelletier.
10:16 of 2nd period - Stopped by Trent Miner without a rebound.
10:17 of 2nd period - Joe Veleno wins face-off versus Dakota Joshua in Providence Bruins zone.
10:50 of 2nd period - Off-side.
10:51 of 2nd period - Nico Sturm wins face-off versus John-Jason Peterka in neutral zone.
10:54 of 2nd period - Snap shot by Sasha Chmelevski.
10:54 of 2nd period - Stopped by Trent Miner with a rebound.
11:16 of 2nd period - Ryan Lomberg is hit by Cole Schwindt and loses puck.
11:21 of 2nd period - Wrist shot by Cole Schwindt.
11:21 of 2nd period - Shot Blocked by Yegor Zamula.
11:23 of 2nd period - Wrist shot by Joe Veleno.
11:23 of 2nd period - Shot Misses the Net.
11:41 of 2nd period - Backhand shot by Jonas Rondbjerg.
11:41 of 2nd period - Stopped by Trent Miner without a rebound.
11:42 of 2nd period - Logan Hutsko wins face-off versus Jakob Pelletier in Providence Bruins zone.
11:51 of 2nd period - Snap shot by Josiah Slavin.
11:51 of 2nd period - Shot Misses the Net.
11:53 of 2nd period - Snap shot by Jakob Pelletier.
11:53 of 2nd period - Stopped by Trent Miner with a rebound.
11:55 of 2nd period - Slapshot by Connor Mackey.
11:55 of 2nd period - Shot Blocked by Nick Perbix.
11:57 of 2nd period - Snap shot by Jakob Pelletier.
11:57 of 2nd period - Stopped by Trent Miner with a rebound.
11:59 of 2nd period - Wrist shot by Jonas Rondbjerg.
11:59 of 2nd period - Shot Blocked by Mason Millman.
12:01 of 2nd period - Slapshot by Zachary Jones.
12:01 of 2nd period - Shot Misses the Net.
12:03 of 2nd period - Slapshot by Jonas Rondbjerg.
12:03 of 2nd period - Goal by Jonas Rondbjerg - Peoria Rivermen : 3 - Providence Bruins : 1.
12:04 of 2nd period - John-Jason Peterka wins face-off versus Dakota Joshua in neutral zone.
12:08 of 2nd period - Icing by Yegor Zamula.
12:09 of 2nd period - John-Jason Peterka wins face-off versus Dakota Joshua in Peoria Rivermen zone.
12:18 of 2nd period - Snap shot by Nicholas Merkley.
12:18 of 2nd period - Shot Misses the Net.
12:20 of 2nd period - Snap shot by John-Jason Peterka.
12:20 of 2nd period - Deflect By Nicholas Merkley.
12:20 of 2nd period - Shot Misses the Net.
12:20 of 2nd period - Puck is out of play.
12:21 of 2nd period - Joe Veleno wins face-off versus Nico Sturm in Peoria Rivermen zone.
12:46 of 2nd period - Nikolai Knyzhov is hit by Dakota Joshua and loses puck.
12:51 of 2nd period - Slapshot by Dakota Joshua.
12:51 of 2nd period - Shot Misses the Net.
12:53 of 2nd period - Slapshot by Connor Mackey.
12:53 of 2nd period - Shot Blocked by Nick Perbix.
13:01 of 2nd period - Minor Penalty to Jordy Bellerive for Hooking.
13:02 of 2nd period - Joe Veleno wins face-off versus Dakota Joshua in Providence Bruins zone.
13:27 of 2nd period - John-Jason Peterka is hit by Yegor Zamula and loses puck.
13:52 of 2nd period - Slapshot by Nico Sturm.
13:52 of 2nd period - Deflect By Nicholas Merkley.
13:52 of 2nd period - Shot Blocked by Samuel Bolduc.
13:52 of 2nd period - Puck is out of play.
13:53 of 2nd period - Nicholas Merkley wins face-off versus Nico Sturm in Providence Bruins zone.
15:01 of 2nd period - Penalty to Jordy Bellerive is over, Jordy Bellerive is back on ice.
15:22 of 2nd period - Snap shot by Brandon Biro.
15:22 of 2nd period - Stopped by Trent Miner with a rebound.
15:28 of 2nd period - Connor Mackey is hit by Nikolai Knyzhov and loses puck.
15:33 of 2nd period - Snap shot by Logan Hutsko.
15:33 of 2nd period - Goal by Logan Hutsko - Peoria Rivermen : 3 - Providence Bruins : 2.
15:34 of 2nd period - John-Jason Peterka wins face-off versus Dakota Joshua in neutral zone.
16:19 of 2nd period - Snap shot by Brandon Biro.
16:19 of 2nd period - Stopped by Trent Miner without a rebound.
16:20 of 2nd period - John-Jason Peterka wins face-off versus Grant Mismash in Providence Bruins zone.
16:20 of 2nd period - John-Jason Peterka is hit by Yegor Zamula.
16:30 of 2nd period - Backhand shot by Brandon Biro.
16:30 of 2nd period - Goal by Brandon Biro - Peoria Rivermen : 4 - Providence Bruins : 2.
16:31 of 2nd period - Jack Studnicka wins face-off versus Nico Sturm in neutral zone.
16:48 of 2nd period - Yegor Zamula is hit by John-Jason Peterka.
17:31 of 2nd period - Slapshot by Kyle Capobianco.
17:31 of 2nd period - Stopped by Scott Wedgewood with a rebound.
17:37 of 2nd period - Minor Penalty to Connor Mackey for Tripping.
17:38 of 2nd period - Sasha Chmelevski wins face-off versus John-Jason Peterka in Peoria Rivermen zone.
17:44 of 2nd period - Off-side.
17:45 of 2nd period - Joe Veleno wins face-off versus Sasha Chmelevski in neutral zone.
17:50 of 2nd period - Snap shot by Joe Veleno.
17:50 of 2nd period - Stopped by Scott Wedgewood with a rebound.
17:52 of 2nd period - Snap shot by Nicholas Merkley.
17:52 of 2nd period - Goal by Nicholas Merkley - Peoria Rivermen : 4 - Providence Bruins : 3.
17:53 of 2nd period - Dakota Joshua wins face-off versus Joe Veleno in neutral zone.
18:02 of 2nd period - Slapshot by Ryan Lomberg.
18:02 of 2nd period - Deflect By Dakota Joshua.
18:02 of 2nd period - Shot Misses the Net.
18:02 of 2nd period - Puck is out of play.
18:03 of 2nd period - Dakota Joshua wins face-off versus Joe Veleno in Providence Bruins zone.
18:04 of 2nd period - Snap shot by Ryan Lomberg.
18:04 of 2nd period - Goal by Ryan Lomberg - Peoria Rivermen : 5 - Providence Bruins : 3.
18:05 of 2nd period - John-Jason Peterka wins face-off versus Nico Sturm in neutral zone.
18:08 of 2nd period - Wrist shot by Nicholas Merkley.
18:08 of 2nd period - Shot Misses the Net.
18:16 of 2nd period - Snap shot by Nico Sturm.
18:16 of 2nd period - Shot Misses the Net.
18:18 of 2nd period - Snap shot by Radim Zohorna.
18:18 of 2nd period - Shot Blocked by Nicholas Merkley.
18:30 of 2nd period - Ryan Lomberg is hit by Cole Schwindt and loses puck.
18:58 of 2nd period - Slapshot by Josiah Slavin.
18:58 of 2nd period - Shot Misses the Net.
19:00 of 2nd period - Slapshot by Zachary Jones.
19:00 of 2nd period - Stopped by Trent Miner with a rebound.
19:02 of 2nd period - Slapshot by Josiah Slavin.
19:02 of 2nd period - Goal by Josiah Slavin - Peoria Rivermen : 6 - Providence Bruins : 3.
19:03 of 2nd period - Radim Zohorna wins face-off versus John-Jason Peterka in neutral zone.
19:19 of 2nd period - Slapshot by Kyle Capobianco.
19:19 of 2nd period - Stopped by Scott Wedgewood with a rebound.
19:34 of 2nd period - Slapshot by Nikolai Knyzhov.
19:34 of 2nd period - Stopped by Scott Wedgewood without a rebound.
19:35 of 2nd period - Dakota Joshua wins face-off versus Jordy Bellerive in Peoria Rivermen zone.
19:49 of 2nd period - Wrist shot by Brandon Coe.
19:49 of 2nd period - Stopped by Scott Wedgewood without a rebound.
19:50 of 2nd period - Nico Sturm wins face-off versus John-Jason Peterka in Peoria Rivermen zone.
19:50 of 2nd period - Nico Sturm is hit by Nikolai Knyzhov.
Goals for this period are 4 for Peoria Rivermen vs 2 for Providence Bruins.
Shots for this period are 21 for Peoria Rivermen vs 10 for Providence Bruins.
3rd period
0:01 of 3rd period - Nico Sturm wins face-off versus Joe Veleno in neutral zone.
0:03 of 3rd period - Off-side.
0:04 of 3rd period - Joe Veleno wins face-off versus Nico Sturm in neutral zone.
0:07 of 3rd period - Snap shot by Kyle Capobianco.
0:07 of 3rd period - Shot Blocked by Yegor Zamula.
0:13 of 3rd period - Slapshot by Radim Zohorna.
0:13 of 3rd period - Stopped by Trent Miner with a rebound.
0:15 of 3rd period - Snap shot by Nico Sturm.
0:15 of 3rd period - Shot Blocked by Jacob Moverare.
0:17 of 3rd period - Wrist shot by Nico Sturm.
0:17 of 3rd period - Shot Blocked by Jacob Moverare.
0:19 of 3rd period - Wrist shot by Nico Sturm.
0:19 of 3rd period - Stopped by Trent Miner with a rebound.
0:31 of 3rd period - Snap shot by Ryan Lomberg.
0:31 of 3rd period - Shot Misses the Net.
0:33 of 3rd period - Slapshot by Jalen Chatfield.
0:33 of 3rd period - Stopped by Trent Miner without a rebound.
0:34 of 3rd period - John-Jason Peterka wins face-off versus Dakota Joshua in Providence Bruins zone.
0:34 of 3rd period - John-Jason Peterka is hit by Ryan Lomberg.
1:18 of 3rd period - Jack Studnicka is hit by Jakob Pelletier.
1:35 of 3rd period - Wrist shot by John-Jason Peterka.
1:35 of 3rd period - Stopped by Scott Wedgewood with a rebound.
1:37 of 3rd period - Slapshot by Jacob Moverare.
1:37 of 3rd period - Stopped by Scott Wedgewood without a rebound.
1:38 of 3rd period - Jordy Bellerive wins face-off versus Nico Sturm in Peoria Rivermen zone.
1:39 of 3rd period - Snap shot by Michal Teply.
1:39 of 3rd period - Deflect By Jordy Bellerive.
1:39 of 3rd period - Stopped by Scott Wedgewood without a rebound.
1:40 of 3rd period - Nico Sturm wins face-off versus Jordy Bellerive in Peoria Rivermen zone.
2:05 of 3rd period - Yegor Zamula is hit by Jared McIsaac and loses puck.
2:14 of 3rd period - Slapshot by Joe Veleno.
2:14 of 3rd period - Shot Misses the Net.
2:32 of 3rd period - Slapshot by Kyle Capobianco.
2:32 of 3rd period - Shot Blocked by Yegor Zamula.
2:40 of 3rd period - Jacob Moverare is hit by Yegor Zamula.
2:52 of 3rd period - Michal Teply is hit by Brandon Biro and loses puck.
3:11 of 3rd period - Snap shot by Cole Schwindt.
3:11 of 3rd period - Stopped by Scott Wedgewood with a rebound.
3:51 of 3rd period - Jordy Bellerive is hit by Matthew Kessel.
3:55 of 3rd period - Snap shot by Brandon Biro.
3:55 of 3rd period - Stopped by Trent Miner without a rebound.
3:56 of 3rd period - Radim Zohorna wins face-off versus Logan Hutsko in Providence Bruins zone.
4:12 of 3rd period - Minor Penalty to Sasha Chmelevski for Delaying the game.
4:13 of 3rd period - Tyler Pitlick wins face-off versus Cole Schwindt in Peoria Rivermen zone.
4:24 of 3rd period - Michal Teply is hit by Nico Sturm.
4:49 of 3rd period - Snap shot by Joe Veleno.
4:49 of 3rd period - Stopped by Scott Wedgewood with a rebound.
4:51 of 3rd period - Slapshot by Kyle Capobianco.
4:51 of 3rd period - Deflect By Zachary Jones.
4:51 of 3rd period - Stopped by Scott Wedgewood without a rebound.
4:52 of 3rd period - Joe Veleno wins face-off versus Tyler Pitlick in Peoria Rivermen zone.
5:21 of 3rd period - Wrist shot by Michal Teply.
5:21 of 3rd period - Stopped by Scott Wedgewood without a rebound.
5:22 of 3rd period - Jack Studnicka wins face-off versus Tyler Pitlick in Peoria Rivermen zone.
5:35 of 3rd period - Wrist shot by Jack Studnicka.
5:35 of 3rd period - Shot Misses the Net.
5:37 of 3rd period - Snap shot by Michal Teply.
5:37 of 3rd period - Stopped by Scott Wedgewood with a rebound.
5:47 of 3rd period - Joe Veleno is hit by Nico Sturm and loses puck.
6:12 of 3rd period - Penalty to Sasha Chmelevski is over, Sasha Chmelevski is back on ice.
8:14 of 3rd period - Wrist shot by John-Jason Peterka.
8:14 of 3rd period - Stopped by Scott Wedgewood with a rebound.
8:25 of 3rd period - Minor Penalty to Yegor Zamula for Slashing.
8:26 of 3rd period - Tyler Pitlick wins face-off versus Michal Teply in Peoria Rivermen zone.
8:35 of 3rd period - Wrist shot by Kyle Capobianco.
8:35 of 3rd period - Deflect By Ryan Lomberg.
8:35 of 3rd period - Stopped by Scott Wedgewood without a rebound.
8:36 of 3rd period - Jack Studnicka wins face-off versus Sasha Chmelevski in Peoria Rivermen zone.
9:09 of 3rd period - Snap shot by Jack Studnicka.
9:09 of 3rd period - Shot Misses the Net.
9:20 of 3rd period - Icing by Kyle Capobianco.
9:21 of 3rd period - Jack Studnicka wins face-off versus Tyler Pitlick in Providence Bruins zone.
9:43 of 3rd period - Icing by Jacob Moverare.
9:44 of 3rd period - Joe Veleno wins face-off versus Sasha Chmelevski in Providence Bruins zone.
9:48 of 3rd period - Icing by Jacob Moverare.
9:49 of 3rd period - Joe Veleno wins face-off versus Sasha Chmelevski in Providence Bruins zone.
9:54 of 3rd period - Backhand shot by Kyle Capobianco.
9:54 of 3rd period - Shot Blocked by Matthew Kessel.
9:56 of 3rd period - Snap shot by John-Jason Peterka.
9:56 of 3rd period - Goal by John-Jason Peterka - Peoria Rivermen : 6 - Providence Bruins : 4.
9:57 of 3rd period - Dakota Joshua wins face-off versus Joe Veleno in neutral zone.
9:57 of 3rd period - Cole Schwindt and Zachary Jones fight to a draw.
9:57 of 3rd period - Penalty to Cole Schwindt for Fighting.
9:57 of 3rd period - Penalty to Zachary Jones for Fighting.
9:57 of 3rd period - Penalty to Cole Schwindt for instigated a fight.
9:57 of 3rd period - Penalty to Cole Schwindt for instigated and being the aggresor in a fight.
9:57 of 3rd period - Cole Schwindt is ejected from game.
9:58 of 3rd period - Dakota Joshua wins face-off versus Nicholas Merkley in neutral zone.
11:50 of 3rd period - Connor Mackey is hit by Jacob Moverare and loses puck.
11:57 of 3rd period - Penalty to Cole Schwindt is over, Jack Studnicka is send on ice.
12:07 of 3rd period - Michal Teply is hit by Brandon Biro and loses puck.
12:58 of 3rd period - Joe Veleno is hit by Nico Sturm and loses puck.
13:54 of 3rd period - Matthew Kessel is hit by Jared McIsaac and loses puck.
14:15 of 3rd period - Jesper Froden is hit by Nikolai Knyzhov and loses puck.
14:26 of 3rd period - Ryan Lomberg is hit by Brandon Coe and loses puck.
18:17 of 3rd period - Icing by Ryan Lomberg.
18:18 of 3rd period - Dakota Joshua wins face-off versus Michal Teply in Peoria Rivermen zone.
Goals for this period are 0 for Peoria Rivermen vs 1 for Providence Bruins.
Shots for this period are 4 for Peoria Rivermen vs 11 for Providence Bruins.
Back to the Top